 Dungeon Crawl Stone Soup version 0.28-a0-1429-gf3d713df7a (webtiles) character file.

Game seed: 16795435757137753784

35 HallandMoats the Skirmisher (level 3, -3/31 HPs)
             Began as a Ghoul Fighter on Jan 8, 2022.
             Was a Believer of Cheibriados.
             Slain by a goblin (5 damage)
             ... led by Robin
             ... on level 2 of the Dungeon.
             The game lasted 00:01:14 (1780 turns).

HallandMoats the Skirmisher (Ghoul Fighter)         Turns: 1780, Time: 00:01:16

Health: -3/31      AC:  6    Str: 25    XL:     3   Next: 35%
Magic:  2/2        EV:  9    Int:  7    God:    Cheibriados [**....]
Gold:   121        SH:  4    Dex: 12    Spells: 2/2 levels left

rFire   . . .      SeeInvis .   a - +0 long sword
rCold   + . .      Faith    .   c - +0 buckler
rNeg    + + +      Spirit   .   b - +0 scale mail
rPois   ∞          Reflect  .   (no helmet)
rElec   .          Harm     .   (no cloak)
rCorr   .          Rampage  .   (no gloves)
Will    .....                   (no boots)
Stlth   ..........              (no amulet)
HPRegen 0.00/turn               (no ring)
MPRegen 0.08/turn               (no ring)

@: inhibited regen, very slow
A: claws 1, cold resistance 1, negative energy resistance 3, inhibited
regeneration, torment resistance 2
a: Renounce Religion, Bend Time


You were on level 2 of the Dungeon.
You worshipped Cheibriados.
Cheibriados was pleased with you.
You visited 1 branch of the dungeon, and saw 3 of its levels.

You collected 121 gold pieces.

Inventory:

Hand Weapons
 a - a +0 long sword (weapon)
Armour
 b - a +0 scale mail (worn)
 c - a +0 buckler (worn)
Scrolls
 e - 3 scrolls of teleportation {unknown}
 f - a scroll of blinking {unknown}
 h - a scroll of vulnerability {unknown}
 m - a scroll of fear {unknown}
Potions
 d - a potion of might
 g - a potion of haste {unknown}
 i - 2 potions of lignification {unknown}
 j - a potion of berserk rage {unknown}
 k - a potion of degeneration {unknown}
 l - a potion of curing {unknown}


   Skills:
 + Level 3.5 Fighting
 + Level 2.1 Long Blades
 + Level 2.9 Armour
 + Level 0.7 Dodging
 * Level 3.2 Shields


You had 2 spell levels left.
You didn't know any spells.
Your spell library was empty.

Dungeon Overview and Level Annotations

Branches:
Dungeon (3/15)

Altars:
Cheibriados

Annotations:
D:3 Robin


Innate Abilities, Weirdness & Mutations

You thrive by killing the living.
You are immune to poison.
You have sharp fingernails.
Your flesh is cold resistant. (rC+)
You are immune to negative energy. (rN+++)
You do not regenerate when monsters are visible.
You are immune to unholy pain and torment.


Message History

You block the goblin's attack. The hobgoblin closely misses you.
The hobgoblin hits you but does no damage.
The goblin closely misses you.
You hit the hobgoblin.
You kill the hobgoblin!
Cheibriados thoroughly appreciates the change of pace.
Robin throws the goblin at you!
The goblin hits you with a +0 dagger. x2
The goblin hits you but does no damage.
Unknown command.
You hit the goblin.
You kill the goblin!
Cheibriados appreciates the change of pace.
The goblin barely misses you. x2; The hobgoblin hits you.
Robin throws the goblin at you! The goblin hits you with a +0 dagger.
Unknown command.
You are too injured to fight recklessly!
Unknown command.
You are too injured to fight recklessly!
Unknown command.
You are too injured to fight recklessly!
Unknown command.
The goblin barely misses you. The goblin hits you but does no damage.
The goblin barely misses you. The hobgoblin hits you.
* * * LOW HITPOINT WARNING * * *
The goblin closely misses you.
You climb upwards.
There is a stone staircase leading down here.
You slash the goblin!
You kill the goblin!
Cheibriados appreciates the change of pace.
Cheibriados raises the support of your attributes as your movement slows.
The goblin no longer looks unusually strong.
The hobgoblin no longer looks unusually strong.
The goblin hits you but does no damage. x2
The goblin hits you with a +0 dagger.
* * * LOW HITPOINT WARNING * * *
The goblin hits you with a +0 club.
* * * LOW HITPOINT WARNING * * *
The goblin hits you with a +0 club.
You die...

#.################
#.#...............
#.#.##############
#.................
#.#.############.# #.#.#
#....... #.#.#######.##.#..
###########g#.#........#.#..
#.........)@gg..............
##.########g#.####.##..#....
#.#......#.#..........#....
#.#.####.#.#.###.##...#....
#.#.#......................
#.#.#.##.#.##########.#....
#.#......#.................
#.###.##...................
#.# #..................#..#


You could see a hobgoblin and 3 goblins.

Vanquished Creatures
  A worm (D:2)
  A dart slug (D:2)
  2 ball pythons (D:1)
  2 endoplasms
  A giant cockroach (D:2)
  5 goblins
  3 hobgoblins
  5 kobolds
  A quokka (D:1)
  4 bats
  3 frilled lizards
  4 rats (D:2)
32 creatures vanquished.

Vanquished Creatures (others)
  2 plants (D:1)
2 creatures vanquished.

Grand Total: 34 creatures vanquished

Notes
Turn   | Place    | Note
-------+----------+-------------------------------------------
     0 | D:1      | HallandMoats the Ghoul Fighter began the quest for the Orb.
     0 | D:1      | Reached XP level 1. HP: 19/19 MP: 0/0
   301 | D:1      | Reached XP level 2. HP: 26/26 MP: 1/1
   374 | D:1      | Found a faded altar of an unknown god.
   392 | D:1      | Prayed at the altar of an unknown god.
   392 | D:1      | Became a worshipper of Cheibriados the Contemplative
   392 | D:1      | Reached * piety under Cheibriados
  1217 | D:2      | Reached XP level 3. HP: 22/31 MP: 2/2
  1768 | D:3      | Noticed Robin
  1780 | D:2      | Reached ** piety under Cheibriados
  1780 | D:2      | Slain by a goblin

Illustrated notes

Levels and vault maps discovered:
D:1:      kennysheep_arrival_forest, layout_loops_ring,
          shapermc_ecumenical_altar_mp_ritualfount, minivault_27,
          minmay_pentomino_x4
D:2:      layout_basic
D:3:      layout_basic, fedhas_ov_isle_minmay, cheibrodos_ashenzari_chains,
          serial_undead, serial_undead_c, serial_undead_d, serial_undead_a,
          serial_undead_d, serial_undead_d, serial_undead_a,
          gammafunk_ghost_mausoleum, uniq_robin

Skill      XL: |  1  2 |
---------------+-------+-----
Long Blades    | 2 |  2.1
Shields        | 3 |  3.2
Fighting       | |  3.5
Armour         | |  2.9
Dodging        | |  0.7

Action                   || total
-------------------------++-------
Melee: Long sword        ||    77
Armor: Scale mail        ||    45
Dodge: Dodged            ||    46
Block: Buckler           ||    24

Table legend: (Time is in decaauts)
 A = Elapsed time spent in this place.
 B = Non-inter-level travel time spent in this place.
 C = Inter-level travel time spent in this place.
 D = Time resting spent in this place.
 E = Time spent auto-exploring this place.
 F = Levels seen in this place.
 G = Mean time per level.
                   A        B        C        D        E       F      G
               +--------+--------+--------+--------+--------+-----+--------+
         Total |   2288 |   2175 |    113 |      0 |   1938 |   3 |  762.7 |
       Dungeon |   2288 |   2175 |    113 |      0 |   1938 |   3 |  762.7 |
               +--------+--------+--------+--------+--------+-----+--------+

Top non-repeatable levels by time:
     D:2: 1285 daAuts
     D:1: 989 daAuts
     D:3: 13 daAuts
